 Dungeon Crawl Stone Soup version 0.30-a0-509-gd016549fea (webtiles) character file.

Game seed: 4862640454947511845

1284 tilp the Slasher (level 9, -2/74 HPs)
             Began as a Meteoran Fighter on Dec 22, 2022.
             Was a Follower of Okawaru.
             Killed by divine providence
             ... invoked by an orc priest
              (17 damage)
             ... on level 8 of the Dungeon on Dec 23, 2022.
             The game lasted 00:11:00 (2122 turns).

tilp the Slasher (Meteoran Fighter)                 Turns: 2122, Time: 00:11:01

Health: -2/74      AC: 13    Str: 17    XL:     9   Next: 10%
Magic:  9/9        EV:  9    Int: 11    God:    Okawaru [*.....]
Gold:   143        SH:  5    Dex: 18    Spells: 8/8 levels left

rFire   + . .      SeeInvis +    a - +1 long sword (vamp)
rCold   + . .      Faith    .    c - +0 buckler
rNeg    . . .      Spirit   .    j - +0 chain mail
rPois   .          Reflect  .    f - +2 helmet {SInv}
rElec   .          Harm     .    q - scarf {rC+ rF+}
rCorr   .          Rampage  .    (no gloves)
Will    +....                    (no boots)
Stlth   ..........               (no amulet)
HPRegen 0.32/turn                (no ring)
MPRegen 0.11/turn                (no ring)

@: glowing
A: sense surroundings 2, otherworldly, glowing, explore regen, low MP 1, wild
magic 1
a: Renounce Religion, Heroism


You were on level 8 of the Dungeon.
You worshipped Okawaru.
Okawaru was aware of your devotion.
You visited 2 branches of the dungeon, and saw 10 of its levels.
You also visited: Sewer.

You collected 143 gold pieces.

Inventory:

Hand Weapons
 a - a +1 vampiric long sword (weapon)
Missiles
 g - 4 curare-tipped darts
 o - 4 stones (quivered)
 s - 3 javelins
 v - a boomerang
Armour
 b - a +0 scale mail
 c - a +0 buckler (worn)
 f - a +2 helmet of see invisible (worn)
 j - a +0 chain mail (worn)
 q - a scarf of resistance (worn)
Wands
 h - a wand of flame (26)
 r - a wand of paralysis (5)
Scrolls
 m - a scroll of blinking
 n - a scroll of vulnerability
 u - a scroll of magic mapping {unknown}
Potions
 d - 3 potions of curing
 e - a potion of mutation
 i - a potion of brilliance
 l - a potion of heal wounds
 p - a potion of magic
 t - a potion of flight {unknown}
Miscellaneous
 k - a tin of tremorstones (2/2)


   Skills:
 + Level 5.6 Fighting
 + Level 5.9 Long Blades
 + Level 5.8 Armour
 + Level 5.8 Dodging
 + Level 3.5 Stealth
 - Level 4.0 Shields


You had 8 spell levels left.
You didn't know any spells.
Your spell library was empty.

Dungeon Overview and Level Annotations

Branches:
Dungeon (9/15) Zot: 3579   Temple (1/1) D:5 Zot: 558   Sewer (visited)
   Lair: D:8-11         Orc: D:9-12

Altars:
Ashenzari
Cheibriados
Dithmenos
Elyvilon
Fedhas
Gozag
Hepliaklqana
Kikubaaqudgha
Nemelex Xobeh
Okawaru
Qazlal
Ru
Uskayaw
Vehumet
Wu Jian
Xom
Yredelemnul
Zin
The Shining One

Shops:
D:1 [

Annotations:
D:8 1 runed translucent door (dancing chaos scimitar), flestrin's ghost, novice FeTm


Innate Abilities, Weirdness & Mutations

You passively map the area around you.
You are easily found by Zot.
You glow in the dark.
You regain HP and MP as you explore.
Your magical capacity is low. (-10% MP)
Your spells are a little harder to cast, but a little more powerful.


Message History

You kill the orc wizard!
Okawaru accepts your kill.
The orc priest mumbles some strange prayers to Beogh against you.
Beogh smites you!
You hit the orc priest.
You feel better.
The orc priest is heavily wounded.
The orc priest invokes the aid of Beogh against you.
Beogh smites you!
The orc priest hits you but does no damage.
You hit the orc priest but do no damage.
The orc priest is heavily wounded.
Found a wand of paralysis (12).
The orc wizard hits you with a +0 dagger.
The orc priest hits you but does no damage.
You closely miss the orc priest.
The orc priest is moderately wounded.
The orc wizard hits you but does no damage.
The orc priest calls down the wrath of Beogh upon you.
Beogh smites you!
* * * LOW HITPOINT WARNING * * *
You barely miss the orc priest.
The orc priest is moderately wounded.
The orc wizard closely misses you.
The orc priest mumbles some strange prayers to Beogh against you.
Beogh smites you!
* * * LOW HITPOINT WARNING * * *
You hit the orc priest.
You feel better.
The orc priest is heavily wounded.
The orc wizard hits you but does no damage.
The orc priest hits you but does no damage.
You hit the orc priest but do no damage.
The orc priest is heavily wounded.
The orc wizard points at you and mumbles some strange words.
You resist with almost no effort. The orc priest barely misses you.
You hit the orc priest.
You feel better.
The orc priest is heavily wounded.
The orc wizard closely misses you.
The orc priest calls down the wrath of Beogh upon you.
Beogh smites you!
You die...

* * ,, , * , *
.#.##########
, *
.....oo@....##
* * ,
/#######o....#
* #.#...#
#.#.#.# *,*
#.#...# #+#*
#.....# #.. **
###.### ##.# *
##.# # ##.# ##
* ##..#


You could see an orc priest and 2 orc wizards.

Vanquished Creatures
  Grinder (D:3)
  Sigmund (D:2)
  An orc warrior (D:8)
  2 black bears (D:5)
  A necrophage (D:8)
  A bullfrog (Sewer)
  2 scorpions (D:5)
  2 hounds (D:5)
  An orc priest (D:8)
  A gnoll bouda (D:3)
  5 orc wizards
  Natasha (twice) (D:3)
  3 gnolls (D:3)
  4 adders
  An ufetubus (D:5)
  A dart slug (D:2)
  16 orcs
  6 endoplasms
  7 giant cockroaches
  2 goblins (D:2)
  4 hobgoblins
  5 quokkas
  6 ball pythons
  A bat (D:1)
  6 frilled lizards (Sewer)
  4 rats
86 creatures vanquished.

Vanquished Creatures (others)
  A plant (D:1)
1 creature vanquished.

Grand Total: 87 creatures vanquished

Notes
Turn   | Place    | Note
-------+----------+-------------------------------------------
     0 | D:1      | tilp the Meteoran Fighter began the quest for the Orb.
     0 | D:1      | Reached XP level 1. HP: 19/19 MP: 2/2
   166 | D:1      | Found Zuwk's Armour Shop.
   171 | D:1      | Reached XP level 2. HP: 21/26 MP: 3/3
   275 | D:2      | Noticed Sigmund
   285 | D:2      | Gained mutation: Your magical capacity is low. (-10% MP)
                  | [potion of mutation]
   285 | D:2      | Gained mutation: Your spells are a little harder to cast,
                  | but a little more powerful. [potion of mutation]
   292 | D:2      | Killed Sigmund
   293 | D:2      | Reached skill level 1 in Stealth
   293 | D:2      | Reached XP level 3. HP: 27/33 MP: 3/3
   293 | D:2      | Reached XP level 4. HP: 32/40 MP: 4/4
   293 | D:2      | Reached XP level 5. HP: 37/46 MP: 5/5
   293 | D:2      | Reached XP level 6. HP: 42/52 MP: 6/6
   483 | D:3      | Found a basalt altar of Yredelemnul.
   483 | D:3      | Found a hide-covered altar of Uskayaw.
   493 | D:3      | Found a sacrificial altar of Ru.
   494 | D:3      | Found a radiant altar of Vehumet.
   494 | D:3      | Found an ancient bone altar of Kikubaaqudgha.
   494 | D:3      | Found a shadowy altar of Dithmenos.
   502 | D:3      | Found a glowing silver altar of Zin.
   579 | D:3      | Became a worshipper of Ru the Awakened
   649 | D:3      | Noticed Natasha
   655 | D:3      | Killed Natasha
   769 | D:3      | Found a glowing drain.
   774 | Sewer    | Entered a sewer
  1071 | Sewer    | Reached XP level 7. HP: 42/59 MP: 7/7
  1165 | D:3      | Noticed Grinder
  1176 | D:3      | Paralysed by Grinder for 4 turns
  1187 | D:3      | Killed Grinder
  1318 | D:3      | Noticed Natasha
  1323 | D:3      | Killed Natasha
  1470 | D:5      | Entered Level 5 of the Dungeon
  1475 | D:5      | Reached XP level 8. HP: 65/67 MP: 8/8
  1524 | D:5      | Reached skill level 5 in Dodging
  1552 | D:5      | Found a staircase to the Ecumenical Temple.
  1588 | Temple   | Entered the Ecumenical Temple
  1618 | Temple   | Fell from the grace of Ru
  1618 | Temple   | Became a worshipper of Warmaster Okawaru
  1663 | D:5      | Reached skill level 5 in Long Blades
  1663 | D:5      | Reached skill level 5 in Armour
  1719 | D:5      | Reached skill level 5 in Fighting
  1964 | D:8      | Reached * piety under Okawaru
  1970 | D:8      | Gained mutation: You passively map the area around you.
                  | [Meteoran growth]
  1970 | D:8      | Reached XP level 9. HP: 74/74 MP: 9/9
  2015 | D:8      | Found a runed translucent door.
  2015 | D:8      | Found a shimmering altar of Xom.
  2015 | D:8      | Noticed flestrin's ghost (novice FeTm)
  2015 | D:8      | Noticed a +1 scimitar of chaos
  2122 | D:8      | Killed from afar by an orc priest

Illustrated notes

Levels and vault maps discovered:
D:1:      psy_arrival_conway, layout_basic, serial_shops,
          nicolae_lakefront_shop, hellmonk_ecumenical_altar_pennies_from_heaven
D:2:      minmay_roachtagon, layout_basic, serial_shops, nicolae_lakefront_shop,
          dk_noncrumbling_3, uniq_sigmund
D:3:      layout_loops_ring, grunt_temple_overflow_open, portal_sewer_entry_e,
          uniq_grinder, uniq_natasha
D:4:      layout_basic, chequers_hall_statues_corner_a, skrybe_limestone_x
D:5:      minmay_bubble_buster, layout_basic, minmay_temple_entry_sparse_star,
          gammafunk_ghost_grave
D:6:      cheibrodos_quashed, layout_loops_corners, serial_shops,
          nicolae_shop_bloodbath_and_beyond, gammafunk_ghost_icy, serial_glass,
          glass_columns_b, glass_columns_b
D:7:      old_forge, layout_basic, minmay_misc_feat_square
D:8:      layout_loops_corners, ebering_ghost_xom, nicolae_stop_n_shop_2
D:9:      layout_basic, makhleb_altar_promises_db, xom_confusion_cloud,
          david_lair_generic, serial_shops, shop,
          nicolae_concentric_dashed_squares_wild, minmay_nine_imps, uniq_maggie
Temple:   hellmonk_temple_of_storms

Skill      XL: |  1  2  3  4  5  6  7  8 |
---------------+-------------------------+-----
Fighting       | 4 5 |  5.6
Long Blades    | 3 4 5 |  5.9
Armour         | 4 5 |  5.8
Dodging        | 3 4 5 |  5.8
Stealth        | 1 2 3 |  3.5
Shields        | 4 |  4.0

Action                   |  1- 3 |  4- 6 |  7- 9 || total
-------------------------+-------+-------+-------++-------
Melee: Long sword        |    20 |   133 |   183 ||   336
Invok: Reject Sacrifices |       |       |     1 ||     1
  Use: Potion            |     2 |       |     1 ||     3
       Scroll            |       |     4 |     7 ||    11
Armor: Scale mail        |     9 |    86 |    93 ||   188
       Chain mail        |       |       |    14 ||    14
Dodge: Dodged            |     3 |    82 |    88 ||   173
Block: Buckler           |     3 |    40 |    52 ||    95

Table legend: (Time is in decaauts)
 A = Elapsed time spent in this place.
 B = Non-inter-level travel time spent in this place.
 C = Inter-level travel time spent in this place.
 D = Time resting spent in this place.
 E = Time spent auto-exploring this place.
 F = Levels seen in this place.
 G = Mean time per level.
                   A        B        C        D        E       F      G
               +--------+--------+--------+--------+--------+-----+--------+
         Total |   2272 |   2041 |    231 |      0 |      0 |  11 |  206.5 |
       Dungeon |   1819 |   1598 |    221 |      0 |      0 |   9 |  202.1 |
        Temple |     41 |     31 |     10 |      0 |      0 |   1 |   41.0 |
         Sewer |    411 |    411 |      0 |      0 |      0 |   1 |  411.0 |
               +--------+--------+--------+--------+--------+-----+--------+

Top non-repeatable levels by time:
     D:3: 658 daAuts
   Sewer: 411 daAuts
     D:5: 354 daAuts
     D:2: 223 daAuts
     D:8: 200 daAuts
     D:1: 196 daAuts
     D:4: 98 daAuts
     D:7: 70 daAuts
  Temple: 41 daAuts
     D:6: 14 daAuts
     D:9: 1 daAuts
